[Event "Team 45 45 League T53"]
[Site "Internet Chess Club"]
[Date "2012.05.19"]
[Round "1"]
[White "burnsy"]
[Black "Toalla"]
[Result "1-0"]
[WhiteElo "1504"]
[BlackElo "1252"]
[Opening "Sicilian: Kan, 5.Nc3"]
[ECO "B43"]
[Time "11:00:42"]
[TimeControl "2700+45"]

1. e4 c5 2. Nf3 e6 3. Nc3 a6 4. d4 cxd4 5. Nxd4 Qc7 6. g3 Nc6 7. Nxc6 bxc6 8.
Bg2 Bb7 9. O-O Bc5 10. Re1 Ne7 11. Be3 Bxe3 12. Rxe3 O-O 13. Ne2 d6 14. Nf4 g6
15. Qg4 Kh8 16. Qh4 e5 17. Nh3 f5 18. Ng5 Ng8 19. Ne6 Qe7 20. Qxe7 Nxe7 21. Nxf8
Rxf8 22. Rb3 Bc8 23. Rb8 d5 24. exd5 cxd5 25. Rd1 Nc6 26. Ra8 e4 27. Rxd5 Nb4
28. Rc5 Nxa2 29. Rcxc8 Rxc8 30. Rxc8+ Kg7 31. Ra8 Nb4 32. c3 Nd3 33. b3 Nc5 34.
b4 {Black resigns} 1-0

[Event "Team 45 45 League T53"]
[Site "Internet Chess Club"]
[Date "2012.05.20"]
[Round "1"]
[White "chicopee-ed"]
[Black "Iowa-Archer"]
[Result "0-1"]
[WhiteElo "1279"]
[BlackElo "1414"]
[Opening "Dutch"]
[ECO "A80"]
[Time "12:00:10"]
[TimeControl "2700+45"]

1. d4 f5 2. Nf3 Nf6 3. Bg5 g6 4. Bxf6 exf6 5. e3 Nc6 6. c3 d5 7. Nbd2 Bg7 8. Be2
O-O 9. g3 a6 10. O-O b5 11. b4 g5 12. Kh1 Ne7 13. Nb3 Ng6 14. Ng1 c6 15. f4 gxf4
16. exf4 Bd7 17. Nc5 Qe7 18. Qd2 a5 19. a3 axb4 20. axb4 Rfb8 21. Bd3 Nf8 22.
Rfe1 Qf7 23. Nf3 Qh5 24. Nh4 Bc8 25. Qc2 Ne6 26. Nxf5 Nxc5 27. Nxg7 Qf3+ 28. Kg1
Rxa1 29. Rxa1 Nxd3 30. Rf1 Qe4 31. Nh5 Qe3+ 32. Kh1 Bh3 33. Ra1 Qf3+ 34. Kg1 Re8
35. Nxf6+ Kf7 36. Nxe8 Kxe8 37. Ra8+ Kf7 38. Ra7+ Kg6 39. Re7 Qf1# {White
checkmated} 0-1

[Event "Team 45 45 League T53"]
[Site "Internet Chess Club"]
[Date "2012.05.20"]
[Round "1"]
[White "oldsj"]
[Black "moomaster"]
[Result "1/2-1/2"]
[WhiteElo "1584"]
[BlackElo "1641"]
[Opening "Sicilian: accelerated fianchetto, modern variation"]
[ECO "B34"]
[Time "10:29:03"]
[TimeControl "2700+45"]

1. e4 c5 2. Nf3 Nc6 3. d4 cxd4 4. Nxd4 g6 5. Nc3 Bg7 6. Be3 Nf6 7. f3 O-O 8. Qd2
d5 9. O-O-O Nxd4 10. Bxd4 dxe4 11. Bxf6 Qxd2+ 12. Rxd2 Bxf6 13. Nxe4 Bg7 14. Kb1
Bf5 15. Bd3 Rfd8 16. Rhd1 Bh6 17. Re2 Bxe4 18. Rxe4 Rd7 19. g3 Rad8 20. f4 Bg7
21. Ree1 e6 22. Be2 Rxd1+ 23. Rxd1 Rxd1+ 24. Bxd1 e5 25. fxe5 Bxe5 26. c3 f5 27.
Kc2 Kf7 28. Kd3 Ke6 29. b3 f4 30. gxf4 Bxf4 31. h3 g5 32. Ke4 h6 33. h4 Bd2 34.
hxg5 hxg5 35. Bg4+ Kd6 36. Kd3 Bf4 37. Bf3 b6 38. c4 Kc5 39. a3 Kd6 40. Ke4 Bc1
41. a4 Kc5 42. Kd3 Kb4 43. Kc2 Bf4 44. Bd1 a5 45. Kd3 g4 46. Bxg4 Kxb3 47. Bd1+
Kb4 48. Bc2 Bd6 49. Bd1 Bc5 50. Bc2 Bg1 51. Bd1 Bc5 {Game drawn by mutual
agreement} 1/2-1/2

[Event "Team 45 45 League T53"]
[Site "Internet Chess Club"]
[Date "2012.05.20"]
[Round "1"]
[White "houseofcook"]
[Black "eagle"]
[Result "0-1"]
[WhiteElo "1511"]
[BlackElo "1505"]
[Opening "French: advance, Paulsen attack"]
[ECO "C02"]
[Time "10:49:47"]
[TimeControl "2700+45"]

1. e4 e6 2. d4 d5 3. e5 c5 4. c3 Nc6 5. Nf3 Qb6 6. Be2 cxd4 7. cxd4 Nge7 8. Nc3
Nf5 9. Na4 Qa5+ 10. Bd2 Bb4 11. Bc3 b5 12. a3 Bxc3+ 13. Nxc3 a6 14. g4 Nfe7 15.
Bd3 Bd7 16. Rc1 O-O 17. O-O Rac8 18. Ne2 Ng6 19. g5 Nce7 20. Qd2 Qxd2 21. Nxd2
Nh4 22. Rxc8 Rxc8 23. Rc1 Rxc1+ 24. Nxc1 Nef5 25. Ne2 Ng6 26. b4 Kf8 27. Nf3 Ke7
28. Nc1 Nf4 29. Bf1 f6 30. gxf6+ gxf6 31. Nb3 fxe5 32. Nxe5 Be8 33. Nd3 Nxd3 34.
Bxd3 Bg6 35. Bxf5 Bxf5 36. Nc5 Kf6 37. f4 Be4 38. Kf2 Kf5 39. Kg3 h5 40. h4 Bc2
41. Kf3 Be4+ 42. Kg3 Bc2 43. Nxa6 Ke4 44. Nc7 Kxd4 45. Nxe6+ Kc3 46. Ng7 d4 47.
f5 d3 48. f6 d2 49. f7 d1=Q 50. f8=Q Qg1+ 51. Kh3 Qg4+ 52. Kh2 Qxh4+ 53. Kg1
Qg3+ {White resigns} 0-1

[Event "Team 45 45 League T53"]
[Site "Internet Chess Club"]
[Date "2012.05.22"]
[Round "1"]
[White "stanbeers"]
[Black "MateIn42"]
[Result "1-0"]
[WhiteElo "1447"]
[BlackElo "1374"]
[Opening "Neo-Indian (Seirawan) attack"]
[ECO "E00"]
[Time "12:00:23"]
[TimeControl "2700+45"]

1. d4 Nf6 2. c4 e6 3. Bg5 c5 4. Nf3 b6 5. Nc3 Bb7 6. e4 cxd4 7. Nxd4 Bb4 8. e5
h6 9. exf6 Bxc3+ 10. bxc3 hxg5 11. fxg7 Rg8 12. Nb5 d5 13. Be2 Rxg7 14. O-O a6
15. Nd4 Qc7 16. Bh5 Bc8 17. cxd5 exd5 18. Re1+ Kf8 19. Qf3 g4 20. Qxd5 Bb7 21.
Qf5 Qd7 22. Ne6+ Kg8 23. Nxg7 Kxg7 24. Qg5+ Kf8 25. Bxg4 Qc6 26. Bf3 {Black
resigns} 1-0

[Event "Team 45 45 League T53"]
[Site "Internet Chess Club"]
[Date "2012.05.19"]
[Round "1"]
[White "dabodhi"]
[Black "Fogbound"]
[Result "1-0"]
[WhiteElo "1252"]
[BlackElo "1277"]
[Opening "Caro-Kann: exchange variation"]
[ECO "B13"]
[Time "14:30:29"]
[TimeControl "2700+45"]

1. e4 c6 2. d4 d5 3. exd5 cxd5 4. Bd3 Nf6 5. c3 e6 6. Bf4 Be7 7. Nf3 O-O 8. Nbd2
Nc6 9. Qc2 Bd6 10. Bg3 Re8 11. O-O-O Ng4 12. Bxh7+ Kf8 13. Bxd6+ Qxd6 14. Rdf1
e5 15. h3 Nf6 16. Ng5 Be6 17. g4 Rac8 18. Qd3 Nb4 19. Qb1 exd4 20. Kd1 dxc3 21.
bxc3 Rxc3 22. Bf5 Qa6 23. Qxb4+ Rc5 24. Qxc5+ Kg8 25. Bxe6 Qa4+ 26. Qc2 Qxc2+
27. Kxc2 fxe6 28. Re1 Rc8+ 29. Kd3 Rc6 30. Nxe6 Ra6 31. Ng5 Ra3+ 32. Kd4 Rxa2
33. Re2 Ra4+ 34. Kd3 Ra3+ 35. Kd4 Ra4+ 36. Ke5 Ra5 37. Kd4 Ra4+ 38. Ke3 Ra3+ 39.
Kf4 Ra5 40. Re7 d4 41. Rc1 Nd5+ 42. Ke4 Nxe7 43. Rc7 Ng6 44. Rc8+ Nf8 45. Ne6
Kf7 46. Nxd4 Nd7 47. Rc7 Re5+ 48. Kf3 Rd5 49. N2b3 Kg6 50. Rxb7 Ne5+ 51. Kg2 a5
52. Ra7 Nd3 53. Ra6+ Kh7 54. Kg3 Re5 55. Nxa5 Re1 56. Nf3 Rf1 57. Ng5+ {Black
resigns} 1-0

[Event "Team 45 45 League T53"]
[Site "Internet Chess Club"]
[Date "2012.05.18"]
[Round "1"]
[White "slowdown"]
[Black "crazyhorses"]
[Result "0-1"]
[WhiteElo "1649"]
[BlackElo "1445"]
[Opening "Queen's gambit accepted"]
[ECO "D26"]
[Time "14:00:49"]
[TimeControl "2700+45"]

1. d4 d5 2. c4 dxc4 3. e3 Nf6 4. Bxc4 e6 5. Nf3 a6 6. O-O b5 7. Bd3 Bb7 8. Nbd2
Nbd7 9. Qc2 c5 10. Ne4 cxd4 11. Nxf6+ Nxf6 12. Nxd4 Rc8 13. Qe2 Bc5 14. Nb3 Bb6
15. Rd1 Qe7 16. Bd2 O-O 17. a4 bxa4 18. Rxa4 Qd7 19. Raa1 Qd5 20. e4 Qxb3 21. e5
Qd5 22. Qf1 Qxe5 23. Bc3 Qg5 24. Bd2 Qh4 25. g3 Qh5 26. Bc3 Qf3 {White resigns}
0-1

[Event "Team 45 45 League T53"]
[Site "Internet Chess Club"]
[Date "2012.05.27"]
[Round "1"]
[White "Rhel"]
[Black "ticopatzer"]
[Result "1-0"]
[WhiteElo "1629"]
[BlackElo "1634"]
[Opening "Queen's Indian: old main line, 7.Nc3"]
[ECO "E18"]
[Time "16:04:57"]
[TimeControl "2700+45"]

1. d4 Nf6 2. c4 e6 3. Nf3 b6 4. g3 Bb7 5. Bg2 Be7 6. O-O O-O 7. Nc3 d6 8. Qc2 c5
9. d5 exd5 10. Ng5 h6 11. Nxd5 Nxd5 12. Qh7# {Black checkmated} 1-0

[Event "Team 45 45 League T53"]
[Site "Internet Chess Club"]
[Date "2012.05.19"]
[Round "1"]
[White "MinnArkie"]
[Black "Whalen"]
[Result "0-1"]
[WhiteElo "1634"]
[BlackElo "1676"]
[Opening "Sicilian: Najdorf, Opocensky variation"]
[ECO "B92"]
[Time "10:00:33"]
[TimeControl "2700+45"]

1. e4 c5 2. Nf3 d6 3. d4 cxd4 4. Nxd4 Nf6 5. Nc3 a6 6. Be2 e5 7. Nb3 Be6 8. Be3
d5 9. exd5 Nxd5 10. Nxd5 Bxd5 11. O-O Nc6 12. c4 Be6 13. Nc5 Nd4 14. Bxd4 exd4
15. Nb3 Qg5 16. Qxd4 Be7 17. f4 Qg6 18. Bd3 Bf5 19. Bxf5 Qxf5 20. Rae1 Qf6 21.
Qe4 Rd8 22. Qxb7 Rd7 23. Qb8+ Rd8 24. Qe5 Rd7 25. Re2 O-O 26. Nc5 Qb6 27. b4 Bf6
28. Qe3 Bd4 {White resigns} 0-1

[Event "Team 45 45 League T53"]
[Site "Internet Chess Club"]
[Date "2012.05.19"]
[Round "1"]
[White "Timotheous"]
[Black "cBishop"]
[Result "1-0"]
[WhiteElo "1863"]
[BlackElo "1650"]
[Opening "English: Caro-Kann defensive system"]
[ECO "A12"]
[Time "12:00:30"]
[TimeControl "2700+45"]

1. Nf3 d5 2. c4 c6 3. b3 Nf6 4. g3 e6 5. Bg2 Be7 6. O-O Nbd7 7. Bb2 O-O 8. d3
Qc7 9. Nbd2 e5 10. e3 b6 11. Rc1 Qd6 12. cxd5 cxd5 13. Qc2 Ba6 14. Rfd1 Rac8 15.
Qb1 b5 16. Qa1 d4 17. exd4 exd4 18. Nxd4 Nc5 19. Nf5 Qd7 20. Nxe7+ Qxe7 21. Ba3
b4 22. Bxb4 Bxd3 23. Qd4 Rfd8 24. Bxc5 Rxd4 25. Bxe7 Bc2 26. Bxf6 gxf6 27. Be4
Bxd1 28. Rxc8+ Kg7 29. Ra8 Rxd2 30. Rxa7 f5 31. Bc6 Rc2 32. Bd5 Bh5 33. b4 Kf6
34. b5 Ke5 35. Bc6 Kd6 36. a4 Bg4 37. Rxf7 Bh3 38. Rd7+ Kc5 39. Rd1 Kb6 40. Ra1
Ka5 41. Bg2 Bg4 42. h3 Be2 43. Bc6 Rd2 44. Kg2 Bd1 45. Kg1 Rd4 46. Kg2 Bb3 47.
Kg1 Rb4 48. Bd7 Bc2 49. Rc1 Be4 50. Ra1 Rd4 51. Bc6 Bc2 52. Ra2 Bb3 53. Rb2 Bxa4
54. Ra2 Kb6 55. Rb2 Rc4 56. Kg2 Rc5 57. Kf3 Rc4 58. Ke3 h5 59. Kd3 Rc1 60. Kd4
Rc5 61. Rb4 Bd1 62. Rc4 Rxc4+ 63. Kxc4 Be2+ 64. Kd4 Bd1 65. h4 Be2 66. f4 Bg4
67. Ke5 Kc7 68. Kf6 Kd6 69. Kg5 Kc7 70. Be8 Kb6 71. Bxh5 {Black resigns} 1-0

[Event "Team 45 45 League T53"]
[Site "Internet Chess Club"]
[Date "2012.05.19"]
[Round "1"]
[White "cepheid"]
[Black "rahulr"]
[Result "1-0"]
[WhiteElo "1644"]
[BlackElo "1602"]
[Opening "Alekhine's defense: exchange variation"]
[ECO "B03"]
[Time "10:00:37"]
[TimeControl "2700+45"]

1. e4 Nf6 2. e5 Nd5 3. d4 d6 4. c4 Nb6 5. exd6 exd6 6. Nc3 Be7 7. Bd3 Nc6 8.
Nge2 Bf6 9. d5 Ne5 10. b3 Nxd3+ 11. Qxd3 O-O 12. O-O Re8 13. Bd2 Nd7 14. Rae1
Ne5 15. Qc2 g6 16. Ng3 h5 17. f4 Ng4 18. Nce2 h4 19. Ne4 Bg7 20. h3 Bf5 21. hxg4
Bxe4 22. Qd1 h3 23. g3 Qd7 24. Nc3 Bd4+ 25. Kh2 Bg2 26. Rxe8+ Rxe8 27. Ne2 Bxf1
28. Qxf1 Bf6 29. Kxh3 Kg7 30. Qf3 Rh8+ 31. Kg2 Rh7 32. Nc1 Qe8 33. Nd3 Qh8 34.
Kf1 Rh1+ 35. Ke2 Qh2+ 36. Nf2 Ra1 37. a4 Ra2 38. Qd3 Qg1 39. Kf3 {Black forfeits
on time} 1-0

[Event "Team 45 45 League T53"]
[Site "Internet Chess Club"]
[Date "2012.05.18"]
[Round "1"]
[White "JohLeb"]
[Black "Hal2001"]
[Result "0-1"]
[WhiteElo "1357"]
[BlackElo "1649"]
[Opening "Modern defense"]
[ECO "A40"]
[Time "18:04:42"]
[TimeControl "2700+45"]

1. d4 g6 2. c4 Bg7 3. Nf3 c5 4. Nc3 cxd4 5. Nxd4 Nc6 6. Nf3 d6 7. g3 Nf6 8. Bg2
O-O 9. O-O Be6 10. Nd5 Bf5 11. Re1 Ne4 12. Nh4 Qd7 13. Nxf5 Qxf5 14. Nf4 Nf6 15.
e4 Qc5 16. Bf1 Ne5 17. Be3 Qc6 18. Nd5 Qd7 19. Rc1 Nxe4 20. Bxa7 Rxa7 21. Rxe4
Rxa2 22. f4 Nc6 23. b4 e6 24. b5 Nd4 25. Nb4 Rb2 26. Nd3 Rb3 27. Bg2 Ra3 28. Nf2
Nf5 29. Ng4 Rfa8 30. Ne5 Qc7 31. Nf3 Ne3 32. Qe2 Nxg2 33. Qxg2 d5 34. Ree1 dxc4
35. Ne5 Qb6+ 36. Kh1 Bxe5 37. fxe5 Qxb5 38. Rb1 Rb3 39. Qc2 Qd5+ 40. Qg2 Qxg2+
41. Kxg2 Ra2+ 42. Kh3 Rab2 43. Rxb2 Rxb2 44. Rc1 b5 45. g4 Rb3+ 46. Kg2 c3 47.
h4 Rb2+ 48. Kf3 b4 49. Ke3 c2 50. Kd3 b3 51. g5 Rb1 52. Kd2 Rxc1 53. Kxc1 Kf8
54. Kd2 Ke8 55. Kc1 Kd7 56. Kb2 Kc6 {White resigns} 0-1

[Event "Team 45 45 League T53"]
[Site "Internet Chess Club"]
[Date "2012.05.19"]
[Round "1"]
[White "Gilguli"]
[Black "Q2012"]
[Result "1-0"]
[WhiteElo "1391"]
[BlackElo "1456"]
[Opening "Caro-Kann: Rasa-Studier gambit"]
[ECO "B15"]
[Time "15:06:52"]
[TimeControl "2700+45"]

1. e4 c6 2. d4 d5 3. Nc3 dxe4 4. f3 exf3 5. Nxf3 Bg4 6. Bc4 e6 7. O-O Nd7 8. Qe1
Ngf6 9. Bg5 Be7 10. Qg3 O-O 11. Bxf6 Nxf6 12. Rad1 Bd6 13. Ne5 Bxd1 14. Rxd1 Qc7
15. Rf1 Nd5 16. Ne4 Rae8 17. Bxd5 exd5 18. Nf6+ Kh8 19. Nxe8 Rxe8 20. Rxf7 Rxe5
21. Qxg7# {Black checkmated} 1-0

[Event "Team 45 45 League T53"]
[Site "Internet Chess Club"]
[Date "2012.05.21"]
[Round "1"]
[White "grabuark"]
[Black "LittleWarrior"]
[Result "1-0"]
[WhiteElo "2191"]
[BlackElo "1917"]
[Opening "Caro-Kann: advance variation"]
[ECO "B12"]
[Time "22:00:40"]
[TimeControl "2700+45"]

1. e4 c6 2. d4 d5 3. e5 Bf5 4. Nf3 e6 5. Be2 Nd7 6. O-O Ne7 7. Nh4 Qc7 8. Nc3 h6
9. a4 Bh7 10. f4 c5 11. Nb5 {Black resigns} 1-0

[Event "Team 45 45 League T53"]
[Site "Internet Chess Club"]
[Date "2012.05.22"]
[Round "1"]
[White "Fezzik"]
[Black "Zumbi"]
[Result "1-0"]
[WhiteElo "2180"]
[BlackElo "2138"]
[Opening "QGD semi-Slav"]
[ECO "D43"]
[Time "22:06:22"]
[TimeControl "2700+45"]

1. d4 d5 2. c4 e6 3. Nc3 c6 4. Nf3 Nf6 5. Bg5 h6 6. Bh4 g5 7. Bg3 dxc4 8. e4 b5
9. Be2 Nbd7 10. d5 cxd5 11. exd5 Nc5 12. O-O a6 13. Be5 Ncd7 14. dxe6 fxe6 15.
Qc2 Kf7 16. Rad1 Bg7 17. Ne1 Qb6 18. Bd4 Qc7 19. Ne4 e5 20. Bc3 Bb7 21. Nd6+ Kg8
22. Qf5 Rf8 23. Qe6+ Kh7 24. Nxb7 Qxb7 25. Bf3 e4 26. Rxd7 Qxd7 27. Bxe4+ Nxe4
28. Qxd7 Nxc3 29. bxc3 Rd8 30. Qf5+ {Black resigns} 1-0

[Event "Team 45 45 League T53"]
[Site "Internet Chess Club"]
[Date "2012.05.18"]
[Round "1"]
[White "Tobiasdelmonte"]
[Black "DreamCatcher13"]
[Result "1-0"]
[WhiteElo "1803"]
[BlackElo "1900"]
[Opening "Catalan: closed, 5.Nf3"]
[ECO "E06"]
[Time "22:29:49"]
[TimeControl "2700+45"]

1. d4 d5 2. c4 e6 3. Nf3 Nf6 4. g3 Be7 5. Bg2 O-O 6. O-O dxc4 7. Ne5 Nc6 8. Nxc6
bxc6 9. Bxc6 Rb8 10. Nc3 Nd5 11. e4 Nb4 12. Bb5 Nd3 13. Bxc4 Nxb2 14. Bxb2 Rxb2
15. Bb3 Ba6 16. Re1 Bb4 17. Re3 e5 18. dxe5 Rd2 19. Qc1 Bc5 20. Rf3 Qd4 21. Qe1
Bb4 22. Nd5 Rxf2 23. Qxf2 Qxa1+ 24. Kg2 Be1 25. Ne7+ Kh8 26. Rxf7 Rg8 27. Rf8 h5
28. Rxg8+ Kh7 29. Qf5+ Kh6 30. Qg6# {Black checkmated} 1-0

[Event "Team 45 45 League T53"]
[Site "Internet Chess Club"]
[Date "2012.05.17"]
[Round "1"]
[White "AntonioMendonca"]
[Black "Goli"]
[Result "1/2-1/2"]
[WhiteElo "1806"]
[BlackElo "1865"]
[Opening "Robatsch (modern) defense"]
[ECO "B06"]
[Time "16:35:43"]
[TimeControl "2700+45"]

1. e4 g6 2. Nc3 Bg7 3. Bc4 d6 4. d3 Nf6 5. h3 O-O 6. Be3 e5 7. Qd2 c6 8. Bh6 d5
9. Bxg7 Kxg7 10. Bb3 dxe4 11. Nxe4 Nxe4 12. dxe4 Qxd2+ 13. Kxd2 Na6 14. Nf3 f6
15. Ke3 Nc5 16. Rad1 Nxb3 17. axb3 Be6 18. Rd6 Kf7 19. Rhd1 Ke7 20. R1d3 Rfd8
21. Rxd8 Rxd8 22. Rxd8 Kxd8 23. b4 Kc7 24. Kd3 Kd6 25. Nd2 f5 26. c3 c5 27.
bxc5+ Kxc5 28. g3 a5 29. h4 b5 30. Ke3 a4 31. Kd3 h5 {Game drawn by mutual
agreement} 1/2-1/2

[Event "Team 45 45 League T53"]
[Site "Internet Chess Club"]
[Date "2012.05.20"]
[Round "1"]
[White "chess9793"]
[Black "Chess-Dream"]
[Result "1-0"]
[WhiteElo "2211"]
[BlackElo "2048"]
[Opening "Caro-Kann: Tartakower (fantasy) variation"]
[ECO "B12"]
[Time "19:10:26"]
[TimeControl "2700+45"]

1. e4 c6 2. d4 d5 3. f3 Qb6 4. Nc3 dxe4 5. fxe4 e5 6. Nf3 exd4 7. Qxd4 Qxd4 8.
Nxd4 Bc5 9. Be3 Nf6 10. O-O-O O-O 11. Bc4 Ng4 12. Bg1 Ne5 13. Nf3 Bxg1 14. Nxe5
Be3+ 15. Kb1 Bg5 16. Nxf7 Be7 17. Rhf1 {Black resigns} 1-0

[Event "Team 45 45 League T53"]
[Site "Internet Chess Club"]
[Date "2012.05.19"]
[Round "1"]
[White "sounix"]
[Black "elmaestro"]
[Result "1-0"]
[WhiteElo "1915"]
[BlackElo "1825"]
[Opening "Sicilian: Najdorf, Göteborg (Argentine) variation"]
[ECO "B98"]
[Time "23:04:15"]
[TimeControl "2700+45"]

1. e4 c5 2. Nf3 d6 3. d4 cxd4 4. Nxd4 Nf6 5. Nc3 a6 6. Bg5 e6 7. f4 Be7 8. Qf3
h6 9. Bh4 g5 10. fxg5 Nfd7 11. Nxe6 fxe6 12. Qh5+ Kf8 13. Bc4 Ne5 14. Bg3 Nbc6
15. gxh6 Bg5 16. O-O+ Kg8 17. Bf4 Rxh6 18. Qxg5+ Qxg5 19. Bxg5 Rg6 20. Bxe6+
Bxe6 21. h4 Nf7 22. Be3 Nce5 23. Ne2 Bc4 24. Rae1 Kh7 25. b3 Bxe2 26. Rxe2 Rag8
27. Rf4 Nh6 28. Bd4 Nhg4 29. c4 Nd3 30. Rf7+ Kh6 31. Rxb7 Nge5 32. Be3+ Kh5 33.
Bg5 Kg4 34. Kh2 Nf4 35. Rf2 Rxg5 36. hxg5 Rh8+ 37. Kg1 Kg3 38. Rb6 Rh2 39. Rxf4
Rxg2+ 40. Kf1 Nf3 41. Rg4+ Kxg4 42. Kxg2 Nxg5 43. Rxd6 Nxe4 44. Rxa6 Kf5 45. c5
Ke5 46. b4 Kd5 47. Rd6+ Kc4 48. a3 Kb3 49. Re6 Nd2 50. c6 {Black resigns} 1-0

[Event "Team 45 45 League T53"]
[Site "Internet Chess Club"]
[Date "2012.05.16"]
[Round "1"]
[White "flyingpawns"]
[Black "Sir-Sinister"]
[Result "0-1"]
[WhiteElo "1803"]
[BlackElo "1899"]
[Opening "Queen's pawn: Lundin (Kevitz-Mikenas) defense"]
[ECO "A40"]
[Time "21:01:23"]
[TimeControl "2700+45"]

1. d4 Nc6 2. c4 e5 3. e3 exd4 4. exd4 Bb4+ 5. Nc3 d5 6. a3 Bxc3+ 7. bxc3 Nf6 8.
Nf3 O-O 9. Be2 Bg4 10. O-O Qd7 11. cxd5 Nxd5 12. Bd2 Rfe8 13. h3 Bh5 14. Re1 a6
15. Rc1 Qd6 16. c4 Nf4 17. Bxf4 Qxf4 18. d5 Bxf3 19. Bxf3 Nd4 20. Rxe8+ Rxe8 21.
Rb1 b6 22. Qa4 Nxf3+ 23. gxf3 Re5 24. Qxa6 Rg5+ 25. Kf1 h6 26. h4 Qxh4 27. Rd1
Qh1+ 28. Ke2 Re5+ 29. Kd2 Qxf3 {White resigns} 0-1

[Event "Team 45 45 League T53"]
[Site "Internet Chess Club"]
[Date "2012.05.19"]
[Round "1"]
[White "Innes"]
[Black "j316chuck"]
[Result "1-0"]
[WhiteElo "1713"]
[BlackElo "1758"]
[Opening "French: exchange variation"]
[ECO "C01"]
[Time "15:01:11"]
[TimeControl "2700+45"]

1. e4 e6 2. d4 d5 3. exd5 exd5 4. Bd3 Bd6 5. Qf3 Nf6 6. h3 h6 7. Nc3 Nc6 8. Nge2
Nb4 9. O-O Nxd3 10. cxd3 c6 11. Re1 O-O 12. Ng3 Re8 13. Rxe8+ Qxe8 14. Bxh6 gxh6
15. Qxf6 Qe6 16. Qh4 b6 17. Nce2 Ba6 18. Rd1 Qg6 19. Nh5 Kh8 20. f4 Re8 21. f5
Qxf5 22. Rf1 Qe6 23. Rf6 Qe3+ 24. Kh1 Qg5 25. Qxg5 hxg5 26. Rh6+ Kg8 27. Nf6+
Kg7 28. Nxe8+ Kxh6 29. Nxd6 Bxd3 30. Ng3 Kg6 31. Kg1 f5 32. Kf2 f4 33. Ne2 Ba6
34. g3 fxg3+ 35. Nxg3 c5 36. dxc5 bxc5 37. Ke3 Kf6 38. Kd2 Ke5 39. Nf7+ Kf6 40.
Nh6 Ke5 41. Ne2 Bc8 42. Ng4+ Ke4 43. Nc3+ Kf4 44. Nxd5+ Kg3 45. Ne5 Kxh3 46. Ne7
Be6 47. a3 g4 48. N7g6 Kh2 49. Nf4 Bf5 50. Ke3 Bc8 51. Ned3 g3 52. Ne1 Bb7 53.
Kd3 g2 54. Nfxg2 {Black resigns} 1-0

[Event "Team 45 45 League T53"]
[Site "Internet Chess Club"]
[Date "2012.05.19"]
[Round "1"]
[White "JustinL"]
[Black "flyingpawns"]
[Result "0-1"]
[WhiteElo "1966"]
[BlackElo "1827"]
[Opening "French: exchange variation"]
[ECO "C01"]
[Time "10:30:15"]
[TimeControl "2700+45"]

1. e4 e6 2. d4 d5 3. exd5 exd5 4. Nf3 Bd6 5. Be2 Ne7 6. O-O Bg4 7. Nbd2 Nd7 8.
h3 Bh5 9. Re1 c6 10. c3 Qc7 11. Nf1 O-O-O 12. Bg5 f6 13. Bh4 Bxf3 14. Bxf3 Nf5
15. Bg3 Nxg3 16. fxg3 Bxg3 17. Re7 g6 18. Bg4 f5 19. Bf3 Bd6 20. Re6 Rde8 21.
Qe2 Nf6 22. Re1 Ne4 23. Rxe8+ Rxe8 24. g4 Rf8 25. gxf5 gxf5 26. Ne3 Rg8+ 27. Bg2
Bh2+ 28. Kf1 Qf4+ 29. Qf3 Nd2+ 30. Ke2 Nxf3 31. Bxf3 Re8 32. Kd3 Qxf3 {White
resigns} 0-1

[Event "Team 45 45 League T53"]
[Site "Internet Chess Club"]
[Date "2012.05.21"]
[Round "1"]
[White "FlyingTiger"]
[Black "Kingofknights"]
[Result "1-0"]
[WhiteElo "1704"]
[BlackElo "1598"]
[Opening "Caro-Kann: advance variation"]
[ECO "B12"]
[Time "19:00:06"]
[TimeControl "2700+45"]

1. e4 c6 2. d4 d5 3. e5 Bf5 4. Nd2 e6 5. Nb3 Nd7 6. Nf3 h6 7. Be2 Be7 8. O-O c5
9. dxc5 Nxc5 10. Nxc5 Bxc5 11. Bb5+ Kf8 12. Bd3 Bxd3 13. cxd3 d4 14. Nd2 Qd5 15.
f4 Ne7 16. Ne4 Nf5 17. Nxc5 Qxc5 18. b4 Qc3 19. Rb1 Rd8 20. Rb3 Qc6 21. b5 Qd5
22. Bd2 Kg8 23. Ra3 Qxb5 24. Rxa7 Qxd3 25. Rxb7 Ne3 26. Bxe3 Qxe3+ 27. Kh1 Ra8
28. Qc2 Qc3 29. Qb1 g6 30. Rc1 Qe3 31. Rcc7 Rh7 32. Rxf7 Rxf7 33. Qxg6+ Kh8 34.
Qxh6+ Kg8 35. Qg6+ Kh8 36. Qh5+ Kg8 37. Qxf7+ {Black resigns} 1-0

[Event "Team 45 45 League T53"]
[Site "Internet Chess Club"]
[Date "2012.05.19"]
[Round "1"]
[White "Bryant-L"]
[Black "krysto"]
[Result "0-1"]
[WhiteElo "1395"]
[BlackElo "1596"]
[Opening "Benkö gambit half accepted"]
[ECO "A57"]
[Time "15:03:01"]
[TimeControl "2700+45"]

1. d4 Nf6 2. c4 c5 3. d5 b5 4. cxb5 a6 5. Qc2 d6 6. e4 g6 7. bxa6 Bxa6 8. Bxa6
Qa5+ 9. Bd2 Qxa6 10. Nc3 Nbd7 11. Nge2 Bg7 12. O-O O-O 13. Rfb1 Rfb8 14. Ng3 Ng4
15. f4 Bd4+ 16. Kh1 Nf2+ 17. Kg1 Nxe4+ 18. Kh1 Nf2+ 19. Kg1 Nb6 20. Be1 Ng4+ 21.
Kh1 Ne3 22. Qc1 Nexd5 23. Nge4 Qf1# {White checkmated} 0-1

[Event "Team 45 45 League T53"]
[Site "Internet Chess Club"]
[Date "2012.05.21"]
[Round "1"]
[White "milesotoole"]
[Black "medsurg"]
[Result "1-0"]
[WhiteElo "1520"]
[BlackElo "1423"]
[Opening "Queen's pawn game, Darooha variation "]
[ECO "D02"]
[Time "21:30:13"]
[TimeControl "2700+45"]

1. d4 Nf6 2. Nf3 d5 3. c3 Bf5 4. Qb3 Qc8 5. Bf4 c6 6. Nbd2 e6 7. Nh4 Bg6 8. Nxg6
hxg6 9. h3 Qd7 10. e3 a6 11. O-O-O b5 12. Nf3 Ne4 13. Ne5 Qb7 14. Qc2 Nd7 15. f3
Nxe5 16. Bxe5 Nd6 17. e4 Nc4 18. Bxc4 bxc4 19. g4 f6 20. exd5 cxd5 21. Qxg6+ Qf7
22. Qxf7+ Kxf7 23. Bg3 Be7 24. Rde1 a5 25. a4 Ra6 26. h4 Bd6 27. Bxd6 Rxd6 28.
h5 g6 29. hxg6+ Kg7 30. Rxh8 Kxh8 31. f4 f5 32. gxf5 exf5 33. Rg1 Kg7 34. Kc2
Rb6 35. Rg5 Rf6 {Black resigns} 1-0

[Event "Team 45 45 League T53"]
[Site "Internet Chess Club"]
[Date "2012.05.19"]
[Round "1"]
[White "Juan73"]
[Black "anna"]
[Result "1-0"]
[WhiteElo "1661"]
[BlackElo "1603"]
[Opening "Giuoco Pianissimo: Italian four knights variation"]
[ECO "C28"]
[Time "19:14:03"]
[TimeControl "2700+45"]

1. e4 e5 2. Nc3 Nf6 3. Bc4 Nc6 4. Nf3 Bc5 5. d3 h6 6. Na4 Bb6 7. Nxb6 axb6 8.
Be3 O-O 9. Qd2 Na5 10. Bxh6 gxh6 11. Qxh6 Nh7 12. h4 Nxc4 13. Ng5 Nf6 14. dxc4
d6 15. f3 Qe7 16. g4 Be6 17. Nxe6 Qxe6 18. a3 Nh7 19. Qd2 Qxc4 20. g5 Qe6 21.
O-O-O Qa2 22. Qc3 Qe6 23. Qxc7 Rfd8 24. Qxb6 Rac8 25. Rdg1 Rc6 26. Qxb7 Rdc8 27.
Rg2 Qa2 28. Rhg1 Qc4 29. g6 Kh8 30. gxh7 R6c7 31. Qd5 Qa6 32. Rg8+ Kxh7 33. Rxc8
Qxc8 34. Qd2 f6 35. Qg2 Kh8 36. c3 Rh7 37. Qg6 Qf8 38. h5 Rh6 39. Qf5 {Black
resigns} 1-0

[Event "Team 45 45 League T53"]
[Site "Internet Chess Club"]
[Date "2012.05.19"]
[Round "1"]
[White "ausya"]
[Black "Heian"]
[Result "0-1"]
[WhiteElo "1582"]
[BlackElo "1748"]
[Opening "Ruy Lopez: Classical defense deferred"]
[ECO "C70"]
[Time "13:00:29"]
[TimeControl "2700+45"]

1. e4 e5 2. Nf3 Nc6 3. Bb5 a6 4. Ba4 Bc5 5. c3 b5 6. Bb3 d6 7. d4 exd4 8. cxd4
Bb6 9. Nc3 Bg4 10. Bxf7+ Kxf7 11. h3 Bxf3 12. Qxf3+ Qf6 13. Qh5+ Kf8 14. Qd5
Nge7 15. Qg5 Bxd4 16. Qxf6+ Bxf6 17. O-O Kf7 18. f4 Bd4+ 19. Kh1 Rhf8 20. g4 Kg8
21. a3 Ne5 22. Ne2 Bb6 23. Kg2 Nc4 24. h4 Be3 25. Rf3 Bxc1 26. Rxc1 Rac8 27. Rc2
c5 28. a4 Nc6 29. b3 Nb4 30. Rcc3 Nd2 31. Rfe3 Rce8 32. axb5 axb5 33. Rc1 Rxe4
34. Rxe4 Nxe4 35. Rd1 d5 36. h5 d4 37. Kf3 Nc3 38. Rd2 Nxe2 39. Rxe2 d3 40. Rd2
c4 41. bxc4 bxc4 42. Rb2 Nc2 43. g5 c3 44. Rb3 Nd4+ {White resigns} 0-1